Map: 해비테이션 스테이션 - 래더

Players

Bunny - Winner!

  • Race: Terran Terran
  • Spawn Location: 1:00

llllllllllll (Dream)

  • Race: Terran Terran
  • League: Master
  • Spawn Location: 11:00

VOD

Have the link to the VOD?

Description

Time

  • Played on: Nov. 29, 2016, 4:23 a.m.
  • Length: 14:13
Show
View Real Time Build Order
Export as new Build Order

Bunny Terran - Winner!

Build Orders: 1/1/1, Bio Tank, Widow Mine Drop 

Get SALT Encoding   

  12  0:00  SCV  
  13  0:12  SCV  
  14  0:17  Supply Depot  
  14  0:24  SCV  
  15  0:38  SCV  
  15  0:40  Barracks  
  16  0:43  Refinery  
  16  0:50  SCV  
  16  0:55  Refinery  
  17  1:02  SCV  
  18  1:14  SCV  
  19  1:27  Orbital Command, Marine  
  19  1:32  Factory  
  20  1:45  Supply Depot, Marine  
  21  1:52  SCV  
  22  2:03  Marine  
  22  2:06  SCV  
  24  2:16  Starport  
  24  2:17  Factory Tech Lab  
  24  2:18  SCV  
  24  2:20  Marine  
  26  2:25  Supply Depot  
  26  2:30  SCV  
  27  2:38  Marine  
  27  2:43  Widow Mine, SCV  
  31  2:50  Supply Depot  
  31  2:52  Medivac  
  31  2:55  SCV  
  31  2:56  Marine  
  35  3:07  SCV  
  36  3:14  Marine  
  36  3:15  Factory Reactor  
  36  3:19  Engineering Bay  
  37  3:21  SCV  
  37  3:22  Viking  
  40  3:33  SCV  
  40  3:36  Marine  
  34  3:57  SCV  
  34  4:01  Missile Turret  
  34  4:02  Raven  
  36  4:04  Factory Tech Lab  
  36  4:07  Missile Turret  
  36  4:08  Marine x2  
  39  4:13  Command Center  
  38  4:25  Siege Tank  
  38  4:26  Marine  
  39  4:32  SCV  
  39  4:37  Supply Depot  
  40  4:39  Marine  
  41  4:51  Viking  
  41  4:52  Marine  
  44  4:55  SCV  
  45  5:05  Marine  
  46  5:09  Marine  
  46  5:10  Siege Tank  
  50  5:17  SCV  
  49  5:29  SCV  
  49  5:32  Orbital Command  
  50  5:37  Viking  
  50  5:40  Viking  
  54  5:43  SCV  
  54  5:46  Marine  
  56  5:56  Siege Tank, Orbital Command, SCV  
  60  6:08  SCV  
  60  6:13  Stimpack  
  60  6:20  SCV  
  60  6:22  SCV  
  60  6:24  Marine  
  63  6:30  Viking  
  65  6:35  Refinery  
  65  6:36  SCV x2  
  67  6:44  Viking  
  69  6:48  Refinery  
  69  6:49  Supply Depot  
  69  6:51  Siege Tank  
  69  6:52  Marine  
  73  6:58  SCV x2  
  75  7:03  Supply Depot  
  75  7:08  Supply Depot  
  75  7:09  Terran Infantry Weapons Level 1  
  75  7:12  SCV x2  
  76  7:24  SCV x2  
  76  7:26  Marine  
  76  7:28  Siege Tank  
  81  7:36  Command Center  
  82  7:37  SCV x2  
  82  7:44  Viking  
  85  7:45  Supply Depot  
  85  7:47  Marine  
  85  7:49  SCV  
  85  7:50  SCV  
  82  8:07  Viking  
  82  8:08  Marine  
  83  8:14  Viking  
  83  8:17  Siege Tank  
  83  8:18  Barracks  
  88  8:21  Barracks  
  88  8:22  SCV x2  
  90  8:30  Marine  
  91  8:34  SCV  
  91  8:35  SCV  
  91  8:38  Supply Depot  
  91  8:39  Barracks  
  91  8:40  Barracks  
  91  8:47  SCV x2  
  91  8:48  Marine  
  93  8:49  Combat Shields  
  93  8:50  Siege Tank  
  94  9:05  Barracks Reactor  
  94  9:06  Marine  
  94  9:07  SCV x2  
  94  9:09  Orbital Command  
  95  9:11  Missile Turret  
  95  9:14  Barracks Reactor  
  95  9:22  Siege Tank, SCV x2  
  95  9:24  Marine  
  100  9:30  Barracks Reactor x2  
  98  9:34  SCV  
  98  9:35  SCV x2  
  98  9:36  Missile Turret  
  91  9:40  Viking x2  
  91  9:41  Marine  
  96  9:46  SCV  
  96  9:49  Marine x2  
  96  9:52  Marine x2  
  98  9:54  SCV x2  
  98  9:59  Siege Tank, Marine, SCV  
  98  10:07  Marine x2  
  98  10:10  Terran Infantry Armor Level 1, Marine x3  
  98  10:11  Marine x3  
  106  10:19  Refinery x2  
  103  10:22  Medivac x2  
  103  10:24  Marine  
  103  10:25  Marine x2  
  107  10:31  Siege Tank  
  107  10:34  Marine x4  
  114  10:35  Marine  
  114  10:37  Marine  
  116  10:50  Marine  
  116  10:51  Marine x2  
  116  10:52  Medivac x2, Marine  
  124  10:57  Marine  
  124  10:59  Engineering Bay  
  124  11:00  Marine x4  
  124  11:01  Armory  
  129  11:05  Siege Tank  
  129  11:08  Marine  
  132  11:13  Marine  
  133  11:20  Supply Depot  
  133  11:24  Supply Depot  
  133  11:29  Marine  
  133  11:41  Marine x8  
  133  11:46  Medivac, Siege Tank  
  133  11:47  Marine  
  146  11:48  Medivac  
  143  11:59  Marine x5  
  145  12:02  Barracks  
  145  12:03  Barracks  
  145  12:08  Marine  
  146  12:16  Medivac, Sensor Tower  
  148  12:26  Siege Tank  
  149  12:39  Marine  
  149  12:41  Marine  
  149  12:47  Supply Depot  
  149  12:49  Supply Depot  
  149  12:50  Marine x7  
  156  12:51  Barracks Reactor  
  156  12:52  Barracks Reactor  
  156  12:57  Marine  
  157  13:02  Marine  
  157  13:03  Siege Tank, Viking x2  
  165  13:09  Marine x7  
  172  13:14  Supply Depot  
  170  13:27  Marine x6  
  170  13:28  Marine  
  170  13:29  Marine x4  
  169  13:47  Marine x10  
  175  13:48  Marine  
Show
View Real Time Build Order
Export as new Build Order

llllllllllll Terran 

Build Orders: 1/1/1, MMM Bio, Banshee Rush 

Get SALT Encoding   

  12  0:00  SCV  
  13  0:12  SCV  
  14  0:16  Supply Depot  
  14  0:24  SCV  
  15  0:28  Refinery  
  15  0:38  SCV  
  16  0:44  Barracks  
  16  0:50  SCV  
  17  1:02  SCV  
  18  1:07  Refinery  
  18  1:14  SCV  
  19  1:31  Orbital Command, Factory, Marine  
  20  1:43  Supply Depot  
  20  1:50  Barracks Tech Lab  
  20  1:57  SCV  
  21  2:09  SCV  
  21  2:13  Marine  
  21  2:14  Starport  
  23  2:21  SCV  
  26  2:29  Widow Mine  
  26  2:31  Marine  
  26  2:33  SCV  
  28  2:41  Supply Depot  
  28  2:50  Cloaking Field  
  29  2:53  Banshee, Barracks Reactor  
  29  2:57  Supply Depot  
  31  3:02  SCV  
  31  3:14  SCV  
  31  3:15  Cyclone  
  35  3:26  SCV  
  36  3:29  Marine x2  
  38  3:39  Raven, SCV  
  38  3:48  Marine  
  38  3:51  SCV  
  36  4:03  Cyclone  
  36  4:04  Marine  
  36  4:05  SCV  
  36  4:06  Marine  
  36  4:08  Supply Depot  
  42  4:18  SCV  
  42  4:25  Banshee  
  45  4:31  SCV  
  46  4:38  Marine  
  46  4:39  Marine  
  48  4:47  Supply Depot  
  48  4:52  SCV  
  42  5:07  SCV  
  42  5:19  SCV  
  43  5:28  Command Center  
  43  5:33  SCV  
  44  5:44  Barracks Tech Lab  
  44  5:45  SCV  
  45  5:50  Viking  
  47  5:59  Viking  
  47  6:02  SCV  
  47  6:14  SCV  
  45  6:22  Viking  
  45  6:23  Siege Tank  
  50  6:30  SCV  
  50  6:32  Viking  
  52  6:41  Orbital Command  
  52  6:42  SCV  
  53  6:48  Stimpack  
  53  6:56  SCV  
  53  6:59  Viking  
  56  7:02  Siege Tank  
  59  7:08  SCV  
  59  7:09  SCV  
  61  7:15  Viking  
  61  7:18  Refinery  
  61  7:21  SCV x2  
  65  7:29  Viking  
  67  7:33  SCV x2  
  67  7:34  Siege Tank  
  72  7:42  Supply Depot  
  72  7:45  SCV x2  
  72  7:47  Marine  
  72  7:48  Medivac  
  72  7:51  Supply Depot  
  77  7:52  Refinery  
  77  8:01  SCV  
  77  8:03  SCV  
  77  8:05  Marine  
  78  8:09  Siege Tank  
  80  8:15  SCV x2  
  80  8:18  Command Center  
  80  8:19  Medivac  
  84  8:23  Marine  
  83  8:28  SCV x2  
  83  8:31  Medivac  
  86  8:40  Marine  
  86  8:41  SCV  
  86  8:46  Barracks x2  
  86  8:49  Combat Shields  
  86  8:55  SCV  
  81  9:03  Viking  
  81  9:08  SCV  
  82  9:10  Viking  
  82  9:11  Marine  
  83  9:18  SCV  
  83  9:20  Engineering Bay, SCV  
  83  9:21  Engineering Bay  
  85  9:29  Marine  
  85  9:30  Orbital Command  
  86  9:33  SCV x2  
  85  9:40  Viking  
  89  9:47  SCV x2  
  84  9:53  Barracks Reactor x2, Terran Infantry Weapons Level 1, Terran Infantry Armor Level 1  
  84  9:59  SCV x2  
  84  10:01  Marine  
  84  10:06  Barracks  
  84  10:07  Barracks  
  84  10:11  Orbital Command, SCV  
  83  10:18  SCV  
  83  10:19  Marine  
  82  10:23  Siege Tank, SCV  
  82  10:24  Viking x2  
  90  10:31  Armory  
  90  10:35  Marine  
  86  10:37  Marine  
  86  10:39  Marine x3  
  90  10:46  SCV x2  
  92  10:53  Marine  
  92  10:54  Medivac x2  
  92  10:55  Barracks Reactor  
  92  10:56  Siege Tank, Barracks Reactor  
  100  11:00  SCV, Sensor Tower  
  100  11:01  SCV x2  
  103  11:04  Refinery x2  
  103  11:10  Marine x3  
  106  11:11  Marine  
  106  11:14  Marine  
  108  11:23  Sensor Tower  
  108  11:28  Marine  
  108  11:32  Supply Depot  
  109  11:33  Supply Depot  
  109  11:37  Marine  
  109  11:38  Marine  
  109  11:52  Terran Infantry Armor Level 2, Supply Depot, Terran Infantry Weapons Level 2  
  109  11:53  Supply Depot  
  109  11:54  Marine  
  110  12:12  Command Center  
  110  12:13  Supply Depot x2, Marine x8  
  110  12:14  Siege Tank, Marine  
  122  12:31  Marine x4  
  122  12:34  Marine  
  122  12:36  Marine x4  
  123  12:49  Marine  
  123  12:50  Marine  
  123  12:51  Marine  
  125  12:52  Marine  
  126  13:00  Siege Tank  
  126  13:02  Medivac  
  126  13:03  Medivac  
  126  13:04  Orbital Command  
  133  13:22  Refinery  
  133  13:28  Marine x3  
  133  13:29  Marine x3  
  133  13:31  Marine  
  133  13:32  Marine  
  137  13:37  Marine  
  127  13:46  Marine x6  
Tags
 
Add a new tag
Caveats
  • Supply blocks, unpowered buildings, or Contaminate may cause inaccurate times.
  • Supply counts are checked every 10 seconds.